 Dungeon Crawl Stone Soup version 0.27-a0-1182-gee19b5822f (webtiles) character file.

Game seed: 3078539580355471813

1801 DarkShadow the Carver (level 8, 0/70 HPs)
             Began as a Minotaur Fighter on May 18, 2021.
             Was an Initiate of Gozag.
             Killed from afar by an electric eel (14 damage)
             ... with a bolt of electricity
             ... on level 6 of the Dungeon.
             The game lasted 00:12:51 (7017 turns).

DarkShadow the Carver (Minotaur Fighter)            Turns: 7017, Time: 00:12:51

Health: 0/70       AC: 12    Str: 23    XL:     8   Next: 83%
Magic:  7/7        EV: 11    Int:  5    God:    Gozag
Gold:   399        SH: 11    Dex: 10    Spells: 7/7 levels left

rFire    . . .     SeeInvis .   a - +0 long sword
rCold    . . .     Faith    .   c - +0 kite shield
rNeg     . . .     Spirit   .   x - +0 chain mail
rPois    .         Reflect  .   (helmet restricted)
rElec    .         Harm     .   q - +1 cloak
rCorr    +         Rampage  .   (no gloves)
Will     .....                  (no boots)
Stlth    ..........             (no amulet)
HPRegen  0.21/turn              h - ring of resist corrosion
MPRegen  0.10/turn              i - +4 ring of evasion

@: very slow
A: horns 2, retaliatory headbutt
a: Renounce Religion, Potion Petition, Call Merchant, Bribe Branch


You were on level 6 of the Dungeon.
You worshipped Gozag.
Gozag was aware of your devotion.
You visited 2 branches of the dungeon, and saw 7 of its levels.

You collected 498 gold pieces.
You paid 99 gold pieces to Gozag.

Inventory:

Hand Weapons
 a - a +0 long sword (weapon)
Armour
 b - a +0 scale mail
 c - a +0 kite shield (worn)
 p - a +2 scale mail of poison resistance
 q - a +1 cloak (worn)
 x - a +0 chain mail (worn)
Jewellery
 h - a ring of resist corrosion (left hand)
 i - a +4 ring of evasion (right hand)
 A - a ring of see invisible
Wands
 f - a wand of iceblast (14)
 m - a wand of paralysis (8)
 r - a wand of charming (12)
Scrolls
 d - a scroll of immolation {unknown}
 e - a scroll of amnesia
 j - a scroll of teleportation
 o - a scroll of magic mapping
 u - 2 scrolls of holy word {unknown}
Potions
 g - a potion of flight {unknown}
 k - a potion of attraction {unknown}
 l - a potion of mutation {unknown}
 n - 2 potions of haste
 s - 2 potions of cancellation
 t - a potion of resistance {unknown}
 v - a potion of heal wounds {unknown}
 w - a potion of magic {unknown}
 z - a potion of lignification


   Skills:
 + Level 6.1 Fighting
 + Level 8.4 Long Blades
 + Level 7.2 Armour
 + Level 2.7 Dodging
 + Level 7.8 Shields


You had 7 spell levels left.
You didn't know any spells.
Your spell library was empty.

Dungeon Overview and Level Annotations

Branches:
Dungeon (6/15)             Temple (1/1) D:5

Altars:
Elyvilon
Gozag
Hepliaklqana
Nemelex Xobeh
Qazlal
Ru
Yredelemnul


Innate Abilities, Weirdness & Mutations

You have a pair of horns on your head.
You reflexively headbutt those who attack you in melee.


Message History

The electric eel shoots out a bolt of lightning at you!
The bolt of electricity hits you!
You hit the electric eel.
The electric eel is lightly wounded.
The electric eel shoots out a bolt of lightning at you!
The bolt of electricity hits you.
Your unstable footing causes you to fumble your attack.
The electric eel shoots out a bolt of lightning at you!
The bolt of electricity hits you!
You are too injured to fight recklessly!
You are too injured to fight recklessly!
You are too injured to fight recklessly!
You are too injured to fight recklessly!
You are too injured to fight recklessly!
You are too injured to fight recklessly!
You are too injured to fight recklessly!
You are too injured to fight recklessly!
You are too injured to fight recklessly!
You are too injured to fight recklessly!
You are too injured to fight recklessly!
You are too injured to fight recklessly!
You are too injured to fight recklessly!
You are too injured to fight recklessly!
You are too injured to fight recklessly!
You are too injured to fight recklessly!
The electric eel shoots out a bolt of lightning at you!
The bolt of electricity misses you. The bolt of electricity hits you!
* * * LOW HITPOINT WARNING * * *
The bolt of electricity misses the electric eel.
The electric eel shoots out a bolt of lightning at you!
The bolt of electricity misses you. The bolt of electricity hits you!
* * * LOW HITPOINT WARNING * * *
The bolt of electricity hits the electric eel.
The electric eel completely resists.
You barely miss the electric eel.
The electric eel is lightly wounded.
The electric eel shoots out a bolt of lightning at you!
The bolt of electricity hits you!
You die...
Your body crumbles into a pile of gold.

**** *,,.##* #...# #.#).. ,,,**
*,,...#*#### #)..# #.#...
,,,,***,,....♣♣..###..$#####...).
,,,,,****....≈....).....)........
,,,,,,,<,..≈≈≈≈.≈..$....)........
,,,,,**,,..≈≈≈≈≈≈..$....)....#.##
,,,,***,,..≈≈≈≈≈..##)..#####.#.##
,,,** *,*..≈.≈≈♣≈.##)..# #.....
*******,*#..≈≈≈;@.##.).# ######
*****,,,,..≈.≈≈≈♣.##.).# #..
,,,,*,,,,..≈≈≈≈.≈###...##### #.#
***,,,,,,...≈.≈≈≈♣.........# #.#
***,,,,.#.P≈≈≈.......###.# #.#
*,,,,,#....♣.......###.####..
*****#.#...................##
##.####.......###.###.## *,*
#.......###.# #.#


You could see an electric eel.

Vanquished Creatures
  Eustachio (D:5)
  2 orc warriors (D:6)
  3 ice beasts
  A necrophage (D:4)
  2 ogres
  A bullfrog (D:6)
  A gnoll sergeant (D:6)
  A wyvern skeleton (D:5)
  A water moccasin skeleton (D:5)
  A killer bee (D:6)
  2 bullfrog zombies (D:6)
  4 orc priests
  3 hounds
  A bullfrog skeleton (D:5)
  A centaur skeleton (D:5)
  A gnoll shaman (D:6)
  3 orc wizards
  An iguana (D:5)
  9 gnolls
  5 adders
  A howler monkey skeleton (D:4)
  2 adder zombies (D:5)
  A worm (D:2)
  3 dart slugs
  11 orcs
  2 endoplasms (D:2)
  6 giant cockroaches
  2 hobgoblins
  10 jackals
  6 quokkas
  A ball python (D:2)
  2 bats
  A frilled lizard (D:3)
  6 goblins
  7 kobolds
  4 rats
109 creatures vanquished.

Vanquished Creatures (collateral kills)
  An adder (D:6)
1 creature vanquished.

Vanquished Creatures (others)
  67 plants
67 creatures vanquished.

Grand Total: 177 creatures vanquished

Notes
Turn   | Place    | Note
-------+----------+-------------------------------------------
     0 | D:1      | DarkShadow the Minotaur Fighter began the quest for the
                  | Orb.
     0 | D:1      | Reached XP level 1. HP: 19/19 MP: 0/0
   182 | D:1      | Found a faded altar of an unknown god.
   283 | D:1      | Reached XP level 2. HP: 27/27 MP: 1/1
   801 | D:2      | Reached XP level 3. HP: 32/33 MP: 2/2
  1123 | D:2      | Reached skill level 3 in Long Blades
  1261 | D:2      | Reached XP level 4. HP: 38/40 MP: 3/3
  2009 | D:3      | Reached skill level 4 in Long Blades
  2010 | D:3      | Reached XP level 5. HP: 38/46 MP: 4/4
  3284 | D:4      | Reached skill level 5 in Armour
  3345 | D:4      | Noticed a necrophage
  3358 | D:4      | Killed a necrophage
  3359 | D:4      | Reached skill level 5 in Shields
  3359 | D:4      | Reached XP level 6. HP: 53/53 MP: 5/5
  3379 | D:4      | Reached skill level 1 in Dodging
  3495 | D:4      | Reached skill level 5 in Long Blades
  3721 | D:4      | Found a sacrificial altar of Ru.
  4190 | D:4      | Identified the +11 hunting sling of Capled {flame, Will++
                  | rCorr Str-3}
  4310 | D:4      | Found a sparkling altar of Nemelex Xobeh.
  4592 | D:5      | Entered Level 5 of the Dungeon
  4648 | D:5      | Found a white marble altar of Elyvilon.
  4752 | D:5      | Found a stormy altar of Qazlal.
  4795 | D:5      | Noticed an ice beast
  4807 | D:5      | Killed an ice beast
  4808 | D:5      | Reached skill level 5 in Fighting
  4808 | D:5      | Reached skill level 6 in Long Blades
  4808 | D:5      | Reached XP level 7. HP: 48/61 MP: 6/6
  5111 | D:5      | Found a basalt altar of Yredelemnul.
  5141 | D:5      | Found a staircase to the Ecumenical Temple.
  5150 | Temple   | Entered the Ecumenical Temple
  5158 | Temple   | Became a worshipper of Gozag Ym Sagoz the Greedy
  5409 | D:5      | Noticed Eustachio
  5449 | D:5      | Killed Eustachio
  5450 | D:5      | Reached skill level 7 in Long Blades
  5821 | D:6      | Reached XP level 8. HP: 67/69 MP: 7/7
  6113 | D:6      | Reached skill level 8 in Long Blades
  6120 | D:6      | HP: 3/70 [orc wizard/magic dart (7)]
  7017 | D:6      | Killed from afar by an electric eel

Illustrated notes

Levels and vault maps discovered:
D:1:      psy_arrival_conway, layout_basic, ebering_ecumenical_altar_hall,
          hangedman_abyss_or_decor_lesser_grid
D:2:      layout_loops_corners, minmay_bisected
D:3:      layout_basic, grunt_decor_clamped
D:4:      wad_woods_settlement, layout_basic, kennysheep_little_box,
          nicolae_ru_awakened_eye, enter_ossuary_5
D:5:      layout_loops_corners, yredelemnul_altar_generic,
          amcnicky_altar_gilded, kennysheep_mini,
          minmay_temple_entry_butterflies, uniq_eustachio
D:6:      layout_loops_cross, serial_bayou, serial_bayou_pond_b,
          serial_bayou_shore_a, serial_bayou_lagoon_b, serial_bayou_pond_e,
          serial_bayou_crossing, serial_bayou_pond_c
Temple:   compressed_dpeg_circular_temple

Skill      XL: |  1  2  3  4  5  6  7  8 |
---------------+-------------------------+-----
Fighting       | 4 5 6 |  6.1
Armour         | 4 5 6 7 |  7.2
Shields        | 4 5 6 7 |  7.8
Long Blades    | 3 4 6 7 8 |  8.4
Dodging        | 1 2 |  2.7

Action                   |  1- 3 |  4- 6 |  7- 9 || total
-------------------------+-------+-------+-------++-------
Melee: Long sword        |    67 |   142 |   170 ||   379
       Headbutt          |    13 |    30 |    30 ||    73
  Use: Scroll            |       |     2 |     7 ||     9
       Potion            |       |       |     2 ||     2
Armor: Scale mail        |    27 |    45 |       ||    72
       Chain mail        |       |     8 |   136 ||   144
Dodge: Dodged            |    25 |    55 |   150 ||   230
Block: Kite shield       |    43 |    63 |   157 ||   263
       Rpst.: Long sword |     8 |    14 |    27 ||    49

Table legend: (Time is in decaauts)
 A = Elapsed time spent in this place.
 B = Non-inter-level travel time spent in this place.
 C = Inter-level travel time spent in this place.
 D = Time resting spent in this place.
 E = Time spent auto-exploring this place.
 F = Levels seen in this place.
 G = Mean time per level.
                   A        B        C        D        E       F      G
               +--------+--------+--------+--------+--------+-----+--------+
         Total |   7160 |   6926 |    234 |   1332 |   4570 |   7 | 1022.9 |
       Dungeon |   7143 |   6909 |    234 |   1332 |   4570 |   6 | 1190.5 |
        Temple |     16 |     16 |      0 |      0 |      0 |   1 |   16.0 |
               +--------+--------+--------+--------+--------+-----+--------+

Top non-repeatable levels by time:
     D:4: 1396 daAuts
     D:3: 1396 daAuts
     D:6: 1337 daAuts
     D:2: 1184 daAuts
     D:5: 1130 daAuts
     D:1: 700 daAuts
  Temple: 16 daAuts
